 Dungeon Crawl Stone Soup version 0.31-a0-271-gb88eb75e06 (webtiles) character file.

Game seed: 2932555529586293209

256456 Shard1697 the Devastator (level 19, 0/150 (168) HPs)
             Began as a Pale Draconian Hedge Wizard on July 14, 2023.
             Was the Champion of Ru.
             Killed from afar by a starcursed mass (6 damage)
             ... with an accursed screaming
             ... on level 3 of the Abyss.
             The game lasted 01:59:27 (35028 turns).

Shard1697 the Devastator (DrHW)                    Turns: 35028, Time: 01:59:27

HP:   0/150 (168)   AC: 19    Str: 14 (16) XL:     19   Next: 7%
MP:   27/43         EV: 15    Int: 27      God:    Ru [******]
Gold: 2287          SH:  5    Dex: 10 (11) Spells: 3/40 levels left

rFire   + + +        a - +9 scimitar (flame)
rCold   + . .        l - +0 buckler
rNeg    . . .        (body armour unavailable)
rPois   .            J - +1 hat
rElec   .            L - scarf {rC+ rF+}
rCorr   .            p - +0 pair of gloves
SInv    .            o - +2 pair of boots {Stlth+}
Will    +....        H - amulet of regeneration Stlth
                     f - ring of the Tormentor {AC+4 Str+5}
HPRegen 1.25/turn    V - ring "Osawompe" {rF++ MP+9 Int+5}
MPRegen 0.28/turn

%: no passive effects
@: exhausted, very slightly contaminated, heavily drained, unable to read,
unable to drink
A: breathe steam, AC +10, unfitting armour, weak 1, cold-blooded, inability to
read after injury 2, no stealth, inability to use devices, unskilled 1, steam
resistance, no forms, inability to drink after injury 1
}: 2/15 runes: decaying, gossamer
a: Breathe Steam, Renounce Religion, Draw Out Power, Power Leap, Apocalypse


You were on level 3 of the Abyss.
You worshipped Ru.
Ru was exalted by your worship.
You visited 4 branches of the dungeon, and saw 28 of its levels.
You visited the Abyss 1 time.
You also visited: Bailey, Gauntlet and Ice Cave.

You collected 2848 gold pieces.
You spent 561 gold pieces at shops.

Inventory:

Hand Weapons
 a - a +9 scimitar of flaming (weapon)
 G - a +1 scimitar of electrocution
Armour
 l - a +0 buckler (worn)
 o - a +2 pair of boots of stealth (worn)
 p - a +0 pair of gloves (worn)
 s - a +0 cloak
 J - a +1 hat (worn)
 L - a scarf of resistance (worn)
 U - a +0 kite shield
 X - the +1 pair of gloves of the Butcher {Rampage rC- Int+6 Slay+5}
   (You took it off Nikola on level 1 of the Swamp)

   Int:       It affects your intelligence (+6).
   Slay:      It affects your accuracy & damage with ranged weapons and melee
   (+5).
   rC:        It makes you vulnerable to cold.
   Rampage:   It bestows one free step when moving towards enemies.
Magical Staves
 b - a staff of conjuration
Jewellery
 f - the ring of the Tormentor (left hand) {AC+4 Str+5}
   (You found it in a Gauntlet)

   [ring of protection]

   AC:        It affects your AC (+4).
   Str:       It affects your strength (+5).
 k - a ring of flight
 m - a +5 ring of evasion
 u - an amulet of faith
 x - a ring of poison resistance
 C - the amulet of Seahoez {RegenMP Harm +Blink rN+++ Will+}
   (You found it on level 5 of the Dungeon)

   [amulet of magic regeneration]

   It increases your rate of magic regeneration.
   rN:        It renders you almost immune to negative energy.
   +Blink:    It lets you blink.
   Harm:      It increases damage dealt and taken.
   Will:      It increases your willpower.
 H - an amulet of regeneration (around neck)
 K - a ring of see invisible
 Q - a ring of wizardry
 V - the ring "Osawompe" (right hand) {rF++ MP+9 Int+5}
   (You found it on level 5 of the Lair of Beasts)

   [ring of magical power]

   Int:       It affects your intelligence (+5).
   rF:        It greatly protects you from fire.
   MP:        It affects your magic capacity (+9).
 W - a ring of flight
 Y - a ring of resist corrosion
Scrolls
 d - 11 scrolls of teleportation
 h - 4 scrolls of amnesia
 j - 5 scrolls of fear
 q - 4 scrolls of blinking
 w - 6 scrolls of immolation
 y - a scroll of revelation
 D - 2 scrolls of silence
 E - 6 scrolls of poison
 M - 2 scrolls of brand weapon
 N - 3 scrolls of fog
 S - 2 scrolls of enchant armour
 T - 13 scrolls of identify
Potions
 e - 6 potions of curing
 g - 7 potions of mutation
 i - 4 potions of haste
 n - 9 potions of heal wounds
 r - 3 potions of enlightenment
 v - a potion of brilliance
 z - 4 potions of invisibility
 A - 2 potions of ambrosia
 B - 3 potions of might
 F - a potion of resistance
 I - 4 potions of attraction
 P - 3 potions of lignification


   Skills:
 - Level 14.4 Fighting
 - Level 14.0 Long Blades
 - Level 11.6 Dodging
 + Level 8.2 Shields
 - Level 11.0 Spellcasting
 - Level 17.4 Conjurations
 - Level 10.8 Summonings
 - Level 0.8 Translocations
 - Level 3.7 Transmutations
 - Level 6.0 Fire Magic


You had 3 spell levels left.
You knew the following spells:

 Your Spells              Type           Power      Damage    Failure   Level
a - Magic Dart            Conj           100%       1d8       0%          1
b - Irradiate             Conj/Tmut      32%        3d22      1%          5
c - Blink                 Tloc           38%        N/A       4%          2
d - Iskenderun's Battles  Conj           83%        2d13      1%          5
e - Starburst             Conj/Fire      33%        6d10      6%          6
f - Fireball              Conj/Fire      33%        3d14      1%          5
g - Orb of Destruction    Conj           41%        9d11      3%          7
t - Summon Cactus Giant   Summ           32%        N/A       9%          6

Your spell library contained the following spells:

 Spells                   Type           Power      Damage    Failure   Level
 Searing Ray              Conj           100%       2d8       0%          2
 Foxfire                  Conj/Fire      100%       2x1d9     1%          1
 Kiss of Death            Conj/Necr      100%       2d13      1%          1
 Shock                    Conj/Air       100%       1d9       1%          1
 Call Imp                 Summ           100%       N/A       1%          2
 Call Canine Familiar     Summ           65%        N/A       1%          3
 Mephitic Cloud           Conj/Pois/Air  46%        N/A       1%          3
 Volatile Blastmotes      Fire/Tloc      66%        2d15      3%          3
 Slow                     Hex            56%        N/A       4%          1
 Cigotuvi's Dreadful Rot  Necr/Pois/Air  28%        N/A       7%          2
 Ensorcelled Hibernation  Hex/Ice        28%        N/A       7%          2
 Sublimation of Blood     Necr           14%        N/A       7%          2
 Portal Projectile        Hex/Tloc       34%        N/A       12%         3
 Confusing Touch          Hex            14%        N/A       14%         3
 Swiftness                Air            14%        N/A       14%         3
 Vampiric Draining        Necr           14%        2d7       14%         3
 Fulminant Prism          Conj/Hex       29%        3d14      1%          4
 Iskenderun's Mystic Bla  Conj/Tloc      59%        2d12      1%          4
 Summon Forest            Summ/Tloc      23%        N/A       12%         5
 Summon Mana Viper        Hex/Summ       44%        N/A       14%         5
 Conjure Ball Lightning   Conj/Air       29%        3x3d8     21%         6
 Petrify                  Tmut/Erth      24%        N/A       22%         4
 Airstrike                Air            7%         2d(1-17)  43%         4
 Anguish                  Hex/Necr       7%         N/A       43%         4
 Animate Dead             Necr           14%        N/A       43%         4
 Dispel Undead            Necr           14%        3d10      43%         4
 Leda's Liquefaction      Hex/Erth       7%         N/A       43%         4
 Olgreb's Toxic Radiance  Pois           14%        N/A       43%         4
 Plasma Beam              Fire/Air       15%        2x1d27    91%         6
 Haunt                    Necr/Summ      22%        N/A       99%         7
 Borgnjor's Revivificati  Necr           7%         N/A       100%        8
 Discord                  Hex            7%         N/A       100%        8
 Ignition                 Fire           23%        3d8       100%        8
 Infestation              Necr           7%         N/A       100%        8


Dungeon Overview and Level Annotations

Branches:
Dungeon (15/15)            Temple (0/1) D:5            Lair (5/5) D:10
  Swamp (4/4) Lair:2       Spider (4/4) Lair:3        Slime (0/5) Lair:5
    Orc (0/2) D:12         Vaults (0/5) D:14         Depths (0/4) D:15
 Bailey (visited)           IceCv (visited)         Gauntlet (visited)

Altars:
Fedhas
Okawaru
Ru
Xom
Yredelemnul
Jiyva
Lugonu

Shops:
D:7 [*=?   D:13 [((

Portals:
Abyss: Lair:5
Trove: D:11 (show abyssal rune of Zot)

Annotations:
Swamp:3 2 transporters


Innate Abilities, Weirdness & Mutations

You can breathe blasts of scalding, opaque steam.
Your pale cyan-grey scales are hard. (AC +10)
You cannot fit into any form of body armour.
You are weak. (Str -2)
You are cold-blooded and may be slowed by cold attacks.
You sometimes lose the ability to read scrolls when taking damage.
You cannot be stealthy.
You cannot study or use magical devices.
You are somewhat unskilled. (-1 Apt)
You are immune to the effects of steam.
You cannot voluntarily change form.
You occasionally lose the ability to drink potions when taking damage.


Message History

Confirm with . or Enter, or press ? or * to list all spells.
Aiming: Orb of Destruction (dangerous; 3% risk of failure)
Press: ? - help, Shift-Dir - straight line, f/p - starcursed mass
Aim: a starcursed mass (severely damaged)
You miscast Orb of Destruction.
You are very lightly contaminated with residual magic.
Nothing appears to happen.
The orc high priest shouts!
The Hell Sentinel gestures at you. The iron shot hits you!
You feel threatened and lose the ability to read scrolls!
A yak comes into view.
A starcursed mass splits.
The orc high priest begins to pray, but is stunned by your conviction!
A ghoul comes into view.
A hellwing comes into view.
A starcursed mass splits.
Magic courses through your body.
The orc high priest begins to pray, but is stunned by your conviction!
You redirect the Hell Sentinel's attack!
The hellwing swoops through the air toward you!
The hellwing closely misses you. The hellwing barely misses you.
Okay, then.
Casting: Orb of Destruction (dangerous; 3% risk of failure)
Confirm with . or Enter, or press ? or * to list all spells.
The Hell Sentinel hits you.
The Hell Sentinel hits you but does no damage.
A chorus of shrieks assaults your mind.
* * * LOW HITPOINT WARNING * * *
You block the hellwing's attack. The hellwing misses you.
The hellwing attacks as you move away! The hellwing barely misses you.
The hellwing closely misses you. The Hell Sentinel hits you!!
You feel threatened and lose the ability to drink potions!
* * * LOW HITPOINT WARNING * * *
The Hell Sentinel barely misses you.
The orc high priest mumbles some strange prayers to Beogh against you.
Beogh smites you!
* * * LOW HITPOINT WARNING * * *
Your cactus giant hits the Hell Sentinel with a +0 giant spiked club.
A chorus of shrieks assaults your mind.
You die...

# # #. ..# #.
#.. #.##.. .# #.
##... #
...#.#.#.
#.o#....##.n#.).
. . .#..X....
Y†.. ⌠ ⌠ .
.#..X.###.†# §≈
≈ . #.CX#...#
§XX≈≈≈ #
.#.X14.†.# ≈≈≈~
## ####@##..# ⌠
~⌠ # #....#..#
~~~ . ##.#....#
~~⌠ . ## .
##.#...⌠# . #
..#### ... .
..## . ... ## φ


You could see 4 starcursed masses, a ghoul, a Hell Sentinel (ally target), an
orc high priest, a hellwing, a yak and a friendly cactus giant (summoned).

Vanquished Creatures
  the Lernaean hydra (Swamp:4)
  Nikola (Swamp:1)
  Arachne (Spider:4)
  A hellephant (Abyss:3)
  Mlioglotl (Lair:2)
  A lich (Abyss:3)
  A tentacled monstrosity (Abyss:3)
  3 tentacled starspawn
  An Executioner (Abyss:3)
  Frances (Swamp:1)
  Agnes (D:14)
  Aizul (Swamp:4)
  Donald (Swamp:4)
  2 fenstrider witches (Swamp:3)
  3 emperor scorpions
  6 ghost moths (Spider:4)
  A ghoul (Swamp:3)
  2 broodmothers
  A very ugly thing (Abyss:3)
  3 eleionomae
  3 bunyips
  A minotaur (Gauntlet)
  Snorg (Lair:4)
  A blizzard demon (Abyss:3)
  A shambling mangrove (Abyss:3)
  Josephine (D:13)
  9 entropy weavers
  2 vault guards (D:14)
  3 ghost crabs
  3 rakshasas
  6 jorogumos
  An ice dragon (D:13)
  27 hydras
  A radroach (Spider:2)
  The ghost of kiwi3s the Cleaver, a novice MiBe of Trog (D:8)
  6 centaur warriors
  2 death knights
  8 alligators
  5 two-headed ogres
  17 death yaks
  5 boulder beetles
  2 tengu warriors (D:13)
  4 thrashing horrors
  8 demonic crawlers
  A sun moth (Spider:4)
  2 nameless horrors
  A sixfirhy (Abyss:3)
  2 wretched stars (Abyss:3)
  7 goliath frogs
  6 pharaoh ants
  2 shadow wraiths
  A deep troll (D:15)
  2 skeletal warriors (D:15)
  8 swamp dragons
  2 flayed ghosts
  2 spriggan druids
  9 orb spiders
  4 wizards
  A deep elf archer (Abyss:3)
  2 necromancers (D:14)
  2 phantasmal warriors
  30 starcursed masses
  5 lindwurms
  An orc knight (Bailey)
  12 bog bodies
  15 wolf spiders
  2 deep elf pyromancers (D:12)
  4 ugly things
  5 steelbarb worms
  3 moths of wrath
  The ghost of petzl the Thaumaturge, a novice FoDe (D:13)
  A worldbinder (Abyss:1)
  11 large abominations
  3 will-o-the-wisps
  4 cyclopes
  6 manticores
  A rust devil (Abyss:3)
  6 torpor snails
  An apocalypse crab (Gauntlet)
  A smoke demon (Abyss:1)
  5 black mambas
  3 ice statues (IceCv)
  2 orange demons (Abyss:3)
  10 cane toads
  An unseen horror (D:13)
  A komodo dragon (shapeshifter) (Lair:5)
  2 rime drakes
  4 komodo dragons
  7 freezing wraiths
  A kobold demonologist (D:14)
  A hellion (Abyss:3)
  2 tengu conjurers (D:13)
  3 efreet
  2 ancient zymes (Lair:5)
  4 polar bears
  2 trolls (D:13)
  5 bloated husks
  35 blink frogs
  10 hornets
  12 tyrant leeches
  15 dream sheep
  36 tarantellas
  5 raiju (Abyss:3)
  6 slime creatures (D:12)
  9 spriggans
  Sigmund (D:2)
  3 shadows
  2 centaur simulacra (D:13)
  23 culicivoras
  29 yaks
  A vampire (D:12)
  34 jumping spiders
  3 water elementals (D:13)
  2 ynoxinuls (Lair:5)
  A dire elephant simulacrum (IceCv)
  21 humans
  5 wraiths (D:13)
  2 wyverns
  A neqoxec (Abyss:3)
  4 chaos spawn
  12 basilisks
  2 death yak simulacra (IceCv)
  49 redbacks
  Edmund (D:5)
  8 vampire mosquitoes
  13 swamp worms
  13 water moccasins
  A hydra simulacrum (IceCv)
  A meliai simulacrum (D:12)
  15 orc warriors
  6 swamp drakes (Swamp:4)
  2 black bears
  5 ice beasts
  7 wolves
  11 centaurs
  A phantom (D:5)
  6 kobold brigands
  22 small abominations
  12 bullfrogs
  2 scorpions (D:4)
  A gnoll sergeant (D:10)
  3 necrophages (Swamp:3)
  9 killer bees
  A howler monkey (shapeshifter) (Lair:5)
  A howler monkey (D:6)
  11 electric eels
  2 lava snakes (Lair:2)
  8 orc priests
  2 quasits (Abyss:3)
  A jelly (D:4)
  3 gnoll boudas
  2 hounds
  An iron imp (Abyss:1)
  2 sleepcaps
  3 iguanas
  Natasha (D:1)
  12 orc wizards
  2 polar bear simulacra (IceCv)
  A wolf simulacrum (IceCv)
  Robin (D:3)
  14 gnolls
  5 adders
  2 shadow imps
  6 white imps
  An ufetubus (D:13)
  A worm (D:2)
  2 dart slugs (D:2)
  69 orcs
  4 ball pythons
  5 endoplasms
  3 giant cockroaches
  13 goblins
  11 hobgoblins
  6 jackals
  20 kobolds
  3 bats
  6 rats
  2 starspawn tentacles
1061 creatures vanquished.

Vanquished Creatures (collateral kills)
  Rupert (D:14)
  A tentacled monstrosity (Abyss:3)
  An emperor scorpion (Spider:4)
  An ettin (D:15)
  A demonic crawler (Spider:3)
  A thrashing horror (Abyss:3)
  A nameless horror (D:15)
  A fire crab (Abyss:3)
  A sixfirhy (Abyss:3)
  A sun moth (Spider:4)
  A skeletal warrior (D:15)
  A pharaoh ant (Spider:3)
  A deep troll (D:15)
  A swamp dragon (Swamp:4)
  2 orb spiders (Spider:4)
  2 steelbarb worms (Spider:4)
  An orc sorcerer (D:15)
  2 wolf spiders (Spider:3)
  A freezing wraith (D:15)
  A tarantella (Spider:4)
  A jumping spider (Spider:4)
  A culicivora (Spider:3)
  A human (D:7)
  A yak (D:10)
  A swamp drake (Swamp:4)
  A sky beast (shapeshifter) (D:5)
  An ogre (D:5)
  A phantom (D:5)
  A gnoll sergeant (D:7)
  A killer bee (D:9)
  Crazy Yiuf (D:2)
  A hound (shapeshifter) (Abyss:3)
  A hound (D:5)
  2 orc priests
  A sleepcap (D:8)
  10 gnolls
  An adder (D:2)
  2 worms
  A dart slug (D:1)
  3 orcs
  2 ball pythons (D:1)
  4 endoplasms (D:1)
  A hobgoblin (D:1)
  3 kobolds
  A quokka (D:4)
  6 goblins
  2 rats (D:1)
75 creatures vanquished.

Vanquished Creatures (others)
  A tentacled starspawn (Abyss:3)
  A radroach (Spider:3)
  A demonic crawler (Abyss:3)
  A flayed ghost (Abyss:3)
  2 wolf spiders
  2 polar bears
  A culicivora (Spider:4)
  A human (D:7)
  2 swamp worms (Swamp:1)
  A gnoll (D:7)
  6 foxfires (Abyss:3)
  5 starspawn tentacles
  8 tentacles (Abyss:3)
32 creatures vanquished.

Grand Total: 1168 creatures vanquished

Notes
Turn   | Place    | Note
-------+----------+-------------------------------------------
     0 | D:1      | Shard1697 the Draconian Hedge Wizard began the quest for
                  | the Orb.
     0 | D:1      | Reached XP level 1. HP: 14/14 MP: 4/4
   349 | D:1      | Reached XP level 2. HP: 17/20 MP: 6/6
   394 | D:1      | Learned a level 2 spell: Call Imp
   397 | D:1      | Learned a level 2 spell: Blink
   578 | D:1      | Reached skill level 2 in Conjurations
   630 | D:1      | Reached XP level 3. HP: 20/26 MP: 4/7
  1505 | D:2      | Noticed Sigmund
  1595 | D:2      | Noticed Natasha
  1610 | D:1      | Killed Natasha
  1611 | D:1      | Reached XP level 4. HP: 19/33 MP: 5/8
  1701 | D:2      | Reached skill level 3 in Conjurations
  1725 | D:2      | Found a runed translucent door.
  1726 | D:2      | Noticed Crazy Yiuf
  1743 | D:2      | Killed Crazy Yiuf
  1849 | D:2      | Killed Sigmund
  1850 | D:2      | Reached XP level 5. HP: 27/41 MP: 6/10
  1850 | D:2      | Reached XP level 6. HP: 32/48 MP: 6/11
  2335 | D:2      | Identified a scroll of acquirement
  2335 | D:2      | Acquired a +1 pair of boots of stealth
  2844 | D:3      | Found an iron altar of Okawaru.
  2844 | D:3      | Found a shimmering altar of Xom.
  2851 | D:3      | Found a faded altar of an unknown god.
  2854 | D:3      | Found a blossoming altar of Fedhas.
  2856 | D:3      | Found a faded altar of an unknown god.
  2874 | D:3      | Prayed at the altar of an unknown god.
  2874 | D:3      | Became a worshipper of Ru the Awakened
  2884 | D:3      | Gained mutation: You occasionally lose the ability to read
                  | scrolls when taking damage. [Ru sacrifice]
  2884 | D:3      | Gained mutation: You sometimes lose the ability to read
                  | scrolls when taking damage. [Ru sacrifice]
  2884 | D:3      | Reached * piety under Ru
  3103 | D:3      | Noticed Robin
  3118 | D:3      | Killed Robin
  3331 | D:4      | Learned a level 3 spell: Call Canine Familiar
  3546 | D:4      | Your scales start taking on a pale cyan-grey colour.
  3546 | D:4      | Reached XP level 7. HP: 58/59 MP: 13/13
  3546 | D:4      | Gained mutation: You are immune to the effects of steam.
                  | [Pale Draconian growth]
  3553 | D:4      | Learned a level 1 spell: Magic Dart
  3559 | D:4      | Learned a level 5 spell: Iskenderun's Battlesphere
  3760 | D:4      | Reached skill level 4 in Conjurations
  3804 | D:5      | Entered Level 5 of the Dungeon
  3998 | D:5      | Reached skill level 5 in Conjurations
  4116 | D:5      | an iguana changed into a shapeshifter
  4116 | D:5      | Noticed a shapeshifter (shapeshifter)
  4116 | D:5      | a shapeshifter changed into a hog
  4116 | D:5      | Noticed a hog (shapeshifter)
  4120 | D:5      | a hog changed into a shapeshifter
  4120 | D:5      | Noticed a shapeshifter (shapeshifter)
  4120 | D:5      | a shapeshifter changed into a sky beast
  4125 | D:5      | Reached skill level 6 in Conjurations
  4158 | D:5      | Identified the amulet of Seahoez {RegenMP Harm +Blink rN+++
                  | Will+}
  4176 | D:5      | Reached XP level 8. HP: 58/66 MP: 14/14
  4197 | D:5      | Noticed Edmund
  4220 | D:5      | HP: 1/66 [Edmund/+4 flail of protection (14)]
  4221 | D:5      | Killed Edmund
  4356 | D:5      | Reached skill level 7 in Conjurations
  4825 | D:5      | Found a staircase to the Ecumenical Temple.
  5045 | D:6      | You fall into a shaft and drop 1 floor!
  5051 | D:7      | Found Buim's Jewellery Shop.
  5057 | D:7      | Bought a +4 ring of protection for 396 gold pieces
  5089 | D:7      | Found Monuimmeiz's Magic Scroll Boutique.
  5123 | D:7      | Reached skill level 5 in Spellcasting
  5135 | D:7      | Reached skill level 8 in Conjurations
  5210 | D:7      | Gained mutation: You cannot study or use magical devices.
                  | [Ru sacrifice]
  5210 | D:7      | Reached ** piety under Ru
  5210 | D:7      | Reached *** piety under Ru
  5293 | D:7      | Found Fevukk's General Store.
  5316 | D:7      | Learned a level 5 spell: Fireball
  5334 | D:7      | Found Ennaer's Armour Emporium.
  5369 | D:7      | Reached XP level 9. HP: 67/71 MP: 6/17
  5373 | D:7      | Reached skill level 9 in Conjurations
  5461 | D:7      | Found a basalt altar of Yredelemnul.
  6253 | D:6      | Reached skill level 10 in Conjurations
  6716 | D:7      | Reached skill level 13 in Conjurations
  6716 | D:7      | Reached XP level 10. HP: 78/78 MP: 18/22
  6809 | D:8      | Found a runed translucent gate.
  6809 | D:8      | Found a runed translucent gate.
  6809 | D:8      | Found a runed translucent gate.
  6810 | D:8      | Noticed a nine-headed hydra
  6813 | D:8      | Noticed kiwi3s's ghost (novice MiBe)
  6814 | D:8      | Noticed a ten-headed hydra
  7004 | D:8      | Reached skill level 1 in Fire Magic
  7043 | D:8      | Found a flagged portal.
  7054 | Bailey   | Entered a bailey
  7226 | Bailey   | Noticed an orc knight
  7231 | Bailey   | Killed an orc knight
  7232 | Bailey   | Reached skill level 5 in Fighting
  7238 | Bailey   | Reached skill level 5 in Dodging
  7238 | Bailey   | Reached skill level 5 in Fire Magic
  7238 | Bailey   | Reached XP level 11. HP: 97/97 MP: 12/23
  7245 | Bailey   | Learned a level 5 spell: Irradiate
  7789 | D:9      | Noticed a two-headed ogre
  7795 | D:9      | Killed a two-headed ogre
  7805 | D:9      | Reached XP level 12. HP: 105/105 MP: 14/24
  7840 | D:9      | Reached skill level 1 in Transmutations
  7885 | D:9      | Noticed a two-headed ogre
  7890 | D:9      | Killed a two-headed ogre
  8637 | D:10     | Entered Level 10 of the Dungeon
  8743 | D:10     | Noticed a two-headed ogre
  8786 | D:10     | Reached skill level 10 in Fighting
  8786 | D:10     | Killed a two-headed ogre
  8852 | D:10     | Found a staircase to the Lair.
  8888 | D:10     | Noticed a two-headed ogre
  8892 | D:10     | Killed a two-headed ogre
  9667 | D:11     | Noticed a two-headed hydra
  9668 | D:11     | Killed a two-headed hydra
  9766 | D:11     | Found a portal to a secret trove of treasure.
 10210 | D:8      | Killed a ten-headed hydra
 10211 | D:8      | Reached skill level 1 in Shields
 10211 | D:8      | Killed a nine-headed hydra
 10220 | D:8      | Killed kiwi3s's ghost
 10221 | D:8      | Reached skill level 14 in Conjurations
 10435 | Lair:1   | Entered Level 1 of the Lair of Beasts
 10548 | Lair:1   | Gained mutation: You cannot be stealthy. [Ru sacrifice]
 10548 | Lair:1   | Reached **** piety under Ru
 10733 | Lair:1   | Reached XP level 13. HP: 109/116 MP: 3/26
 11246 | Lair:2   | Reached skill level 1 in Long Blades
 11421 | Lair:2   | Found a gate leading to a gauntlet.
 11434 | Gauntlet | Entered a Gauntlet
 11434 | Gauntlet | Found a transporter.
 11443 | Gauntlet | Found a transporter.
 11443 | Gauntlet | Found a transporter.
 11452 | Gauntlet | Found a transporter.
 11454 | Gauntlet | Found a transporter.
 11463 | Gauntlet | Found a transporter.
 11479 | Gauntlet | Found a transporter.
 11490 | Gauntlet | Found a transporter.
 11500 | Gauntlet | Found a transporter.
 11514 | Gauntlet | Found a transporter.
 11516 | Gauntlet | Found a transporter.
 11517 | Gauntlet | Found a transporter.
 11536 | Gauntlet | Found a transporter.
 11559 | Gauntlet | Found a transporter.
 11769 | Gauntlet | Identified the ring of the Tormentor {AC+4 Str+5}
 11823 | Gauntlet | Noticed a minotaur
 11827 | Gauntlet | Killed a minotaur
 11827 | Gauntlet | Gained mutation: You occasionally lose the ability to drink
                  | potions when taking damage. [mutagenic glow]
 12042 | Lair:2   | Found a staircase to the Swamp.
 12122 | Lair:2   | Learned a level 6 spell: Starburst
 12776 | Lair:3   | Reached skill level 5 in Shields
 12814 | Lair:3   | Reached skill level 10 in Spellcasting
 13237 | Lair:3   | Reached skill level 5 in Long Blades
 13312 | Lair:3   | Found a hole to the Spider Nest.
 14334 | Lair:4   | Reached skill level 15 in Conjurations
 14334 | Lair:4   | Reached XP level 14. HP: 117/129 MP: 9/28
 14519 | Lair:4   | Noticed Snorg
 14524 | Lair:4   | Killed Snorg
 14715 | Lair:4   | Learned a level 6 spell: Summon Cactus Giant
 15021 | Lair:4   | Reached skill level 5 in Summonings
 15277 | Lair:5   | Entered Level 5 of the Lair of Beasts
 15319 | Lair:5   | Found a staircase to the Slime Pits.
 15320 | Lair:5   | Found a viscous altar of Jiyva.
 15581 | Lair:5   | Reached skill level 15 in Fighting
 16348 | Lair:5   | Found a corrupted altar of Lugonu.
 16349 | Lair:5   | Found a one-way gate to the infinite horrors of the Abyss.
 16360 | Lair:5   | Identified the ring "Osawompe" {rF++ MP+9 Int+5}
 16608 | D:12     | Found a staircase to the Orcish Mines.
 17075 | D:12     | Reached XP level 15. HP: 141/141 MP: 29/29
 17622 | D:13     | Noticed Josephine
 17626 | D:13     | Killed Josephine
 17725 | D:13     | Reached skill level 10 in Summonings
 17735 | D:13     | Noticed petzl's ghost (novice FoDe)
 17741 | D:13     | Found a runed translucent gate.
 17741 | D:13     | Found a runed translucent gate.
 17741 | D:13     | Found a runed translucent gate.
 17790 | D:13     | Found a frozen archway.
 17943 | IceCv    | Entered an ice cave
 18649 | D:13     | Found Ziseuwam's Weapon Shoppe.
 18826 | D:13     | Found Cetwipp's Armour Shoppe.
 18974 | D:13     | Found Vamutyorghoa's Weapon Shoppe.
 19313 | D:13     | Killed petzl's ghost
 19326 | D:13     | Identified the +1 rapier of Foolhardiness {heavy, Fly rN+
                  | rCorr Int-2}
 19446 | D:14     | Noticed Agnes
 19451 | D:14     | Killed Agnes
 19657 | D:14     | Found a gate to the Vaults.
 19674 | D:14     | Acquired the ring "Barih" {rF+ MP+9 Int+2}
 19781 | D:14     | Noticed Rupert
 19794 | D:14     | Killed Rupert
 19825 | D:14     | Found a basalt altar of Yredelemnul.
 20172 | D:14     | Learned a level 7 spell: Orb of Destruction
 20241 | D:14     | Reached skill level 16 in Conjurations
 20374 | D:14     | Got the Notes on Diablerie
 20636 | D:14     | Gained mutation: You cannot voluntarily change form. [Ru
                  | sacrifice]
 20636 | D:14     | Reached ***** piety under Ru
 20638 | D:15     | Entered Level 15 of the Dungeon
 20812 | D:15     | Reached XP level 16. HP: 75/149 MP: 32/32
 20987 | D:15     | Found a staircase to the Depths.
 21065 | D:15     | Found Vaociyvo's Magic Scroll Emporium.
 22126 | Swamp:1  | Entered Level 1 of the Swamp
 22394 | Swamp:1  | Noticed Mlioglotl
 22397 | Lair:2   | Reached skill level 10 in Long Blades
 22520 | Lair:2   | Killed Mlioglotl
 22804 | Swamp:1  | Noticed Frances
 22811 | Swamp:1  | Killed Frances
 22944 | Swamp:1  | Identified the +1 pair of gloves of the Butcher {Rampage
                  | rC- Int+6 Slay+5}
 22944 | Swamp:1  | Noticed Nikola
 22950 | Swamp:1  | Killed Nikola
 23227 | Swamp:2  | Reached skill level 10 in Dodging
 23509 | Swamp:2  | Gained mutation: You are somewhat unskilled. (-1 Apt) [Ru
                  | sacrifice]
 23509 | Swamp:2  | Reduced skill Conjurations to level 15
 23937 | Swamp:3  | Found a transporter.
 23998 | Swamp:3  | Reached skill level 10 in Long Blades
 24213 | Swamp:3  | Found a transporter.
 24271 | Swamp:3  | Reached skill level 10 in Summonings
 24922 | Swamp:4  | Entered Level 4 of the Swamp
 24943 | Swamp:4  | Noticed Donald
 25026 | Swamp:4  | Noticed the 27-headed Lernaean hydra
 25031 | Swamp:4  | Killed the 27-headed Lernaean hydra
 25129 | Swamp:4  | Reached XP level 17. HP: 143/154 MP: 32/32
 25209 | Swamp:4  | Noticed Aizul
 25214 | Swamp:4  | Killed Aizul
 25243 | Swamp:4  | Killed Donald
 25404 | Swamp:4  | Got a decaying rune of Zot
 25677 | Swamp:4  | Gained mutation: You are weak. (Str -2) [Ru sacrifice]
 25677 | Swamp:4  | Reached ****** piety under Ru
 26205 | D:7      | Bought a ring of see invisible for 165 gold pieces
 26384 | Spider:1 | Entered Level 1 of the Spider Nest
 26659 | Spider:1 | Reached skill level 16 in Conjurations
 27835 | Spider:1 | Reached skill level 10 in Dodging
 31316 | Spider:4 | Entered Level 4 of the Spider Nest
 31333 | Spider:4 | Reached XP level 18. HP: 156/161 MP: 17/33
 31973 | Spider:4 | Reached skill level 17 in Conjurations
 32478 | Spider:4 | Noticed Arachne
 32483 | Spider:4 | Killed Arachne
 33257 | Spider:4 | Got a gossamer rune of Zot
 33707 | Lair:5   | Voluntarily entered the Abyss.
 33862 | Abyss:1  | Paralysed by accursed screaming for 1 turns
 34224 | Abyss:3  | Reached skill level 5 in Shields
 34493 | Abyss:3  | Noticed an ancient lich
 34783 | Abyss:3  | Noticed a hellephant
 34824 | Abyss:3  | Killed a hellephant
 34846 | Abyss:3  | Noticed a lich
 34853 | Abyss:3  | Killed a lich
 34964 | Abyss:3  | Reached XP level 19. HP: 160/168 MP: 18/34
 35028 | Abyss:3  | HP: 6/150 [orc high priest/divine providence (13)]
 35028 | Abyss:3  | Killed from afar by a starcursed mass

Illustrated notes

Levels and vault maps discovered:
D:1:      dpeg_arrival_morbid_curiosity, layout_loops_ring, serial_park_tiny_2
D:2:      layout_loops_ring, uniq_crazy_yiuf_cottage, uniq_sigmund, uniq_natasha
D:3:      layout_loops_ring, chequers_temple_overflow_minitemple,
          serial_aquarium, aquarium_bridge_square [aquarium_subvault_bridge,
          aquarium_subvault_balcony, aquarium_subvault_wall,
          aquarium_subvault_wall], aquarium_bridge_square
          [aquarium_subvault_bridge, aquarium_subvault_bridge,
          aquarium_subvault_bridge, aquarium_subvault_bridge],
          aquarium_window_fake, aquarium_window_corner, aquarium_window_2,
          aquarium_window_3, aquarium_view_2c, aquarium_view_2c,
          aquarium_pool_2, kennysheep_generic_room_14, uniq_robin
D:4:      layout_gridville, chequers_serial_rivers_small_b,
          kennysheep_small_square
D:5:      layout_loops_cross, minmay_temple_entry_poolview,
          hangedman_decor_slide_cut, minmay_pentangle, uniq_edmund
D:6:      layout_gridville, patterned_corridor
D:7:      wad_lake_hut, layout_loops_ring, yredelemnul_altar_generic,
          serial_shops, nicolae_shop_tiny_waterfront,
          nicolae_shop_temple_entry_statues_fountains, nicolae_shop_rolled_up,
          nicolae_shop_crystal, minmay_ruffians
D:8:      layout_basic, enter_bailey_3, gammafunk_ghost_hydra_chop
D:9:      layout_irregular_city
D:10:     layout_roguey, lair_entry_dummy
D:11:     layout_loops_ring, enter_trove_2, hangedman_ranch
D:12:     layout_gridville, hiddenorc2_lemuel, minivault_20
D:13:     layout_basic, serial_shops, nicolae_shop_bloodbath_and_beyond,
          kennysheep_mini, nicolae_shop_back_alley_shop, serial_ice,
          serial_ice_f, serial_ice_n, serial_ice_c, serial_ice_h, serial_ice_b,
          portal_ice_cave_entry_animals_and_master, gammafunk_ghost_spectres,
          hex_large, minmay_fractal_squares_gapless_5, uniq_josephine
D:14:     layout_gridville, grunt_vaults_entry_tiered, old_standard_altar,
          minmay_lindwurm_lava, uniq_rupert, uniq_agnes
D:15:     hangedman_depths_entry_civil_slaughter, layout_cave_pods,
          serial_shops, nicolae_shop_stone, minmay_misc_feat_alley,
          bh_walls_and_bars
Lair:1:   layout_chaotic_city, lemuel_fruit_fields, lemuel_fruit_tree
Lair:2:   layout_regular_city, swamp_mist_pool, serial_bayou,
          serial_bayou_lagoon_a, serial_bayou_pond_a, serial_bayou_pond_a,
          serial_bayou_shore_b, serial_bayou_pond_c, gauntlet_entry_generic,
          nicolae_lair_liquid_snakes
Lair:3:   layout_concentric_octagons, spider_nest_entry_webs
Lair:4:   layout_concentric_octagons, st_stairs_8, uniq_snorg
Lair:5:   hellmonk_lair_end_abyssal_woods, layout_hall_layers, slime_entry_1,
          infiniplex_staircase_pool_2
Swamp:1:  layout_falls_marsh, serial_swamp_ruin, evilmike_swamp_ruin_house_4,
          evilmike_swamp_ruin_rubble_1, hangedman_swamp_ruin_wall,
          uniq_mlioglotl, uniq_nikola, uniq_frances
Swamp:2:  layout_falls_marsh, evilmike_swamp_ruin_house_2
Swamp:3:  gammafunk_worm_tunnel, layout_basic_swamp,
          evilmike_swamp_ruin_house_1, swamp_pool4
Swamp:4:  grunt_swamp_rune_castle, layout_basic_swamp, swamp_pool1,
          nicolae_swamp_super_fun_site, uniq_aizul, uniq_donald
Spider:1: layout_spider_delve
Spider:2: layout_spider_delve, hellmonk_test_site
Spider:3: layout_spider_delve, hangedman_spider_mandibles
Spider:4: johnstein_spider_rune_arachne_lair, nicolae_spider_cling_ruins
Abyss:3:  base: Swamp:4, minivault_27, evilmike_abyss_exit_glass, minivault_23,
          minivault_23, evilmike_abyss_exit_12, hangedman_abyss_theft,
          evilmike_nicolae_abyss_rune_betentacled_crabyss

Skill      XL: |  1  2  3  4  5  6  7  8  9 10 11 12 13 14 15 16 17 18 19 |
---------------+----------------------------------------------------------+-----
Summonings     | 2 4 9 10 10 | 10.8
Conjurations   | 2 3 6 8 13 14 15 16 15 16 17 | 17.4
Fighting       | 2 4 9 11 13 15 14 | 14.4
Spellcasting   | 4 5 8 9 10 12 11 | 11.0
Dodging        | 5 6 8 9 10 11 | 11.6
Fire Magic     | 5 6 |  6.0
Transmutations | 4 3 |  3.7
Shields        | 3 5 4 7 8 |  8.2
Stealth        | 0 |  0.0
Long Blades    | 6 8 9 10 12 14 | 14.0
Translocations | 0 |  0.8

Action                     |  1- 3 |  4- 6 |  7- 9 | 10-12 | 13-15 | 16-18 | 19-21 || total
---------------------------+-------+-------+-------+-------+-------+-------+-------++-------
  Melee: Club              |   103 |    20 |       |       |       |       |       ||   123
         Tailslap          |    20 |    20 |    42 |    16 |    25 |    74 |     4 ||   201
         Punch             |     1 |       |     2 |       |       |       |       ||     3
         Quarterstaff      |       |   123 |    81 |       |       |       |       ||   204
         Flail             |       |       |   162 |    60 |       |       |       ||   222
         Staff             |       |       |       |    12 |     2 |     8 |       ||    22
         Scimitar          |       |       |       |       |   166 |   297 |    29 ||   492
   Cast: Magic Dart        |    22 |       |    29 |   126 |   510 |   710 |     2 ||  1399
         Call Imp          |    14 |     8 |       |       |       |       |       ||    22
         Call Canine Famil |       |     1 |    21 |     6 |     3 |       |       ||    31
         Iskenderun's Batt |       |       |     7 |    31 |    98 |   129 |     1 ||   266
         Fireball          |       |       |       |    26 |    51 |    99 |     2 ||   178
         Irradiate         |       |       |       |     6 |    32 |    55 |       ||    93
         Summon Cactus Gia |       |       |       |       |     7 |    22 |     2 ||    31
         Orb of Destructio |       |       |       |       |     6 |    13 |     2 ||    21
         Starburst         |       |       |       |       |       |    14 |       ||    14
         Blink             |       |       |       |       |       |     1 |       ||     1
 Invoke: Sacrifice Words   |       |     1 |       |       |       |       |       ||     1
         Sacrifice Artific |       |       |     1 |       |       |       |       ||     1
         Reject Sacrifices |       |       |       |     1 |       |       |       ||     1
         Sacrifice Stealth |       |       |       |     1 |       |       |       ||     1
         Sacrifice Forms   |       |       |       |       |     1 |       |       ||     1
         Sacrifice Skill   |       |       |       |       |       |     1 |       ||     1
         Sacrifice Purity  |       |       |       |       |       |     1 |       ||     1
         Draw Out Power    |       |       |       |       |       |     3 |       ||     3
         Apocalypse        |       |       |       |       |       |       |     1 ||     1
Ability: Breathe Steam     |       |       |       |     2 |     1 |     1 |       ||     4
    Use: Scroll            |       |    11 |     3 |     6 |    14 |     5 |       ||    39
         Potion            |       |     2 |     2 |     1 |     2 |    16 |     2 ||    25
   Stab: Distracted        |     2 |     1 |     2 |       |       |     1 |       ||     6
         Sleeping          |       |     2 |     3 |     2 |       |       |       ||     7
         Paralysed         |       |       |       |       |       |     8 |       ||     8
 Armour: Skin              |    53 |    52 |   101 |   103 |   149 |   278 |    14 ||   750
  Dodge: Dodged            |   133 |   127 |   230 |   170 |   192 |   385 |    24 ||  1261
  Block: Buckler           |       |       |       |       |    51 |   132 |     7 ||   190

Table legend: (Time is in decaauts)
 A = Elapsed time spent in this place.
 B = Non-inter-level travel time spent in this place.
 C = Inter-level travel time spent in this place.
 D = Time resting spent in this place.
 E = Time spent auto-exploring this place.
 F = Levels seen in this place.
 G = Mean time per level.
                   A        B        C        D        E       F      G
               +--------+--------+--------+--------+--------+-----+--------+
         Total |  35478 |  33593 |   1885 |   5437 |  19538 |  34 | 1043.5 |
       Dungeon |  15962 |  14972 |    990 |   1079 |  10164 |  15 | 1064.1 |
          Lair |   6899 |   6353 |    546 |   1427 |   3563 |   5 | 1379.8 |
         Swamp |   3773 |   3594 |    179 |    251 |   2634 |   4 |  943.2 |
   Spider Nest |   6514 |   6345 |    169 |   2044 |   3108 |   4 | 1628.5 |
         Abyss |   1268 |   1268 |      0 |    286 |      0 |   3 |  422.7 |
        Bailey |    235 |    235 |      0 |      0 |      2 |   1 |  235.0 |
      Ice Cave |    237 |    237 |      0 |     62 |      0 |   1 |  237.0 |
      Gauntlet |    586 |    586 |      0 |    288 |     66 |   1 |  586.0 |
               +--------+--------+--------+--------+--------+-----+--------+

Top non-repeatable levels by time:
Spider:3: 2241 daAuts
Spider:4: 2053 daAuts
  Lair:3: 1964 daAuts
  Lair:2: 1680 daAuts
    D:13: 1505 daAuts
     D:1: 1494 daAuts
    D:15: 1325 daAuts
    D:14: 1295 daAuts
  Lair:4: 1215 daAuts
  Lair:5: 1161 daAuts
Spider:2: 1160 daAuts
    D:12: 1150 daAuts
 Swamp:4: 1145 daAuts
     D:5: 1116 daAuts
 Swamp:3: 1090 daAuts
